 Dungeon Crawl Stone Soup version 0.30-a0-165-g1891117ce2 (webtiles) character file.

Game seed: 8396654515370088503

992 qw the Chopper (level 8, -2/49 HPs)
             Began as a Gargoyle Fighter on Sept 28, 2022.
             Slain by an orc warrior
             ... wielding a +0 long sword
              (9 damage)
             ... on level 6 of the Dungeon.
             The game lasted 00:02:09 (5459 turns).

qw the Chopper (Gargoyle Fighter)                   Turns: 5459, Time: 00:02:10

Health: -2/49      AC: 14    Str: 21    XL:     8   Next: 18%
Magic:  8/8        EV:  7    Int: 10    God:
Gold:   262        SH:  4    Dex:  9    Spells: 7/7 levels left

rFire   + . .      SeeInvis .    Y - +0 war axe
rCold   + + .      Faith    .    a - +0 buckler of Gestures {rC++}
rNeg    + . .      Spirit   .    j - +0 chain mail
rPois   inf        Reflect  .    (no helmet)
rElec   +          Harm     .    (no cloak)
rCorr   .          Rampage  .    (no gloves)
Will    .....                    (no boots)
Stlth   ..........               (no amulet)
HPRegen 0.16/turn                n - ring of protection from fire
MPRegen 0.11/turn                (no ring)

@: about to teleport
A: sickness immunity, AC +5, negative energy resistance 1, electricity
resistance, torment resistance 1, petrification resistance
a: no special abilities


You were on level 6 of the Dungeon.
You visited 1 branch of the dungeon, and saw 6 of its levels.

You collected 262 gold pieces.


Innate Abilities, Weirdness & Mutations

You are immune to sickness and miasma.
Your stone body is resilient. (AC +5)
You are immune to poison.
You resist negative energy. (rN+)
You are resistant to electric shocks. (rElec)
You are resistant to unholy torment.
You are immune to petrification.


   Skills:
 - Level 5.3 Fighting
 + Level 7.7 Axes
 - Level 3.2 Armour
 - Level 1.0 Dodging
 - Level 3.2 Shields


You had 7 spell levels left.
You didn't know any spells.
Your spell library was empty.

Inventory:

Hand Weapons
 l - a +0 hand axe of flaming
 Y - a +0 war axe (weapon)
Armour
 a - the +0 buckler of Gestures (worn) {rC++}
   (You acquired it on level 1 of the Dungeon)

   rC:        It greatly protects you from cold.
 j - a +0 chain mail (worn)
Jewellery
 n - a ring of protection from fire (left hand)
Scrolls
 f - 2 scrolls of teleportation
 i - a scroll of identify
Potions
 c - a potion of lignification
 d - a potion of might
 e - 2 potions of mutation
 g - a potion of curing
 h - 2 potions of heal wounds
 p - a potion of haste

Dungeon Overview and Level Annotations

Branches:
Dungeon (6/15)
 Temple: D:4-7

Altars:
Makhleb


Message History

You block the gnoll's attack.
The gnoll hits you from afar with a +0 halberd.
You feel your intelligence returning. 2 orcs come into view.
An orc is wielding a +0 hand axe of electrocution.
The orc shouts!
The orc priest hits you but does no damage.
The gnoll sergeant hits you from afar with a +0 spear.
A shadow imp comes into view.
The gnoll barely misses you.
Things that are here:
a +0 whip; a gnoll corpse The shadow imp shouts!
You slash the orc priest!
The orc priest is heavily wounded.
You hit the orc warrior but do no damage.
You completely miss the gnoll.
You hear a shout!
The orc warrior hits you with a +0 long sword!
An orc comes into view. It is wielding a +0 trident.
An orc wizard comes into view. It is wielding a +1 dagger of venom.
The gnoll sergeant hits you from afar with a +0 spear!
The gnoll barely misses you.
You closely miss the orc priest.
The orc priest is heavily wounded.
You slash the orc warrior! You hit the orc. You hit the gnoll.
The orc wizard casts a spell.
The orc wizard flickers and vanishes!
Deactivating autopickup; reactivate with Ctrl-A.
The orc priest hits you but does no damage.
The orc warrior hits you with a +0 long sword.
The orc hits you with a +0 hand axe. The gnoll barely misses you.
The gnoll sergeant hits you but does no damage.
5459 ||| READING 3 scrolls of teleportation.
As you read the scroll of teleportation, it crumbles to dust.
You feel strangely unstable. You block the gnoll sergeant's attack.
The orc priest hits you but does no damage.
The orc warrior hits you with a +0 long sword!
You die...

..# ... #.## ...
#..# ... ##. ##.#
#.# #... #.## #.#
#..o. ##.## #.#
#..... #..#
#.##...... #..##
#.#og.o... ##..#
##.@og.o5.. #..##
##..ogo..... #...##
#.........$. ##...#
##.........{. #...##
#.#..........
#....###.#..........
##....#.##.........#
#......############
#.....##


You could see an orc warrior, a gnoll sergeant, an orc priest, 2 gnolls, a
shadow imp and 5 orcs.

Vanquished Creatures
  2 ogres (D:5)
  A phantom (D:5)
  A bullfrog (D:6)
  A scorpion (D:4)
  A necrophage (D:5)
  3 hounds (D:5)
  3 orc priests
  3 iguanas (D:4)
  4 orc wizards
  A gnoll (D:6)
  9 adders
  2 ufetubi
  A worm (D:5)
  3 dart slugs
  9 orcs
  9 bats
  12 endoplasms
  3 giant cockroaches
  9 goblins
  7 hobgoblins
  3 jackals (D:1)
  4 quokkas
  8 ball pythons
  6 kobolds
  3 rats
108 creatures vanquished.

Notes
Turn   | Place    | Note
-------+----------+-------------------------------------------
     0 | D:1      | qw the Gargoyle Fighter began the quest for the Orb.
     0 | D:1      | Reached XP level 1. HP: 14/14 MP: 1/1
     0 | D:1      | 0 ||| qw: Version: 0.2-a-12-gaebbb33
     0 | D:1      | 0 ||| qw: Game counter: 788
     0 | D:1      | 0 ||| qw: Always use a shield: true
     0 | D:1      | 0 ||| qw: God list: Okawaru
     0 | D:1      | 0 ||| qw: Allow faded altars: false
     0 | D:1      | 0 ||| qw: Do Orc after D:15 true
     0 | D:1      | 0 ||| qw: Do second Lair branch before Depths: true
     0 | D:1      | 0 ||| qw: Lair rune preference: random
     0 | D:1      | 0 ||| qw: Plans: Normal, Zot:1-4, God:TSO, Crypt, Tomb,
                  | Pan, Slime:5, Hells, Abyss, Orb
     0 | D:1      | 0 ||| PLANNING D:1-11
    40 | D:1      | Reached skill level 2 in Axes
    51 | D:1      | 51 ||| Stepping ~*~*~tactically~*~*~ (stealth).
    52 | D:1      | 52 ||| Stepping ~*~*~tactically~*~*~ (stealth).
   214 | D:1      | Reached XP level 2. HP: 19/19 MP: 2/2
   280 | D:1      | 280 ||| DROPPING +0 club.
   423 | D:1      | Found a faded altar of an unknown god.
   596 | D:1      | 596 ||| Stepping ~*~*~tactically~*~*~ (stealth).
   613 | D:1      | 613 ||| DROPPING +0 mace.
   737 | D:1      | 737 ||| Stepping ~*~*~tactically~*~*~ (stealth).
   739 | D:1      | 739 ||| Stepping ~*~*~tactically~*~*~ (stealth).
   744 | D:1      | Reached skill level 3 in Axes
   744 | D:1      | 744 ||| Stepping ~*~*~tactically~*~*~ (stealth).
   754 | D:1      | Reached XP level 3. HP: 23/23 MP: 3/3
  1018 | D:1      | 1018 ||| READING scroll labelled WAOCUO CISO.
  1018 | D:1      | Identified a scroll of acquirement
  1018 | D:1      | 1018 ||| ACQUIRING +0 buckler of Gestures {rC++}
  1018 | D:1      | Acquired the +0 buckler of Gestures {rC++}
  1020 | D:1      | 1020 ||| UPGRADING to +0 buckler of Gestures {rC++}.
  1030 | D:1      | 1030 ||| DROPPING +0 buckler.
  1031 | D:1      | 1031 ||| READING scroll labelled VIOMMAWNI.
  1443 | D:2      | 1443 ||| Stepping ~*~*~tactically~*~*~ (stealth).
  1691 | D:2      | 1691 ||| Stepping ~*~*~tactically~*~*~ (stealth).
  1701 | D:2      | Reached XP level 4. HP: 21/28 MP: 4/4
  1842 | D:2      | 1842 ||| READING 2 scrolls labelled HORITE NATZEY.
  1843 | D:2      | 1843 ||| DRINKING 2 sedimented pink potions.
  1917 | D:3      | 1917 ||| Stepping ~*~*~tactically~*~*~ (stealth).
  1930 | D:3      | Reached skill level 4 in Axes
  2161 | D:3      | 2161 ||| Stepping ~*~*~tactically~*~*~ (stealth).
  2163 | D:3      | 2163 ||| Stepping ~*~*~tactically~*~*~ (stealth).
  2167 | D:3      | 2167 ||| Stepping ~*~*~tactically~*~*~ (stealth).
  2175 | D:3      | Reached XP level 5. HP: 14/32 MP: 5/5
  2206 | D:3      | 2206 ||| FLEEEEING.
  2207 | D:3      | 2207 ||| FLEEEEING.
  2208 | D:3      | 2208 ||| FLEEEEING.
  2209 | D:3      | 2209 ||| FLEEEEING.
  2210 | D:3      | 2210 ||| FLEEEEING.
  2211 | D:3      | 2211 ||| FLEEEEING.
  2212 | D:3      | 2212 ||| FLEEEEING.
  2213 | D:3      | 2213 ||| FLEEEEING.
  2215 | D:3      | 2215 ||| FLEEEEING.
  2216 | D:3      | 2216 ||| FLEEEEING.
  2217 | D:3      | 2217 ||| FLEEEEING.
  2218 | D:3      | 2218 ||| FLEEEEING.
  2219 | D:3      | 2219 ||| FLEEEEING.
  2220 | D:3      | 2220 ||| FLEEEEING.
  2221 | D:3      | 2221 ||| FLEEEEING.
  2222 | D:3      | 2222 ||| FLEEEEING.
  2223 | D:3      | 2223 ||| FLEEEEING.
  2225 | D:3      | 2225 ||| FLEEEEING.
  2226 | D:3      | 2226 ||| FLEEEEING.
  2227 | D:3      | 2227 ||| FLEEEEING.
  2228 | D:3      | 2228 ||| FLEEEEING.
  2229 | D:3      | 2229 ||| FLEEEEING.
  2230 | D:3      | 2230 ||| FLEEEEING.
  2232 | D:3      | 2232 ||| FLEEEEING.
  2233 | D:3      | 2233 ||| FLEEEEING.
  2234 | D:3      | 2234 ||| FLEEEEING.
  2235 | D:3      | 2235 ||| FLEEEEING.
  2237 | D:3      | 2237 ||| FLEEEEING.
  2238 | D:3      | 2238 ||| FLEEEEING.
  2239 | D:3      | 2239 ||| FLEEEEING.
  2240 | D:3      | 2240 ||| FLEEEEING.
  2241 | D:3      | 2241 ||| FLEEEEING.
  2242 | D:3      | 2242 ||| FLEEEEING.
  2243 | D:3      | 2243 ||| FLEEEEING.
  2244 | D:3      | 2244 ||| FLEEEEING.
  2245 | D:3      | 2245 ||| FLEEEEING.
  2247 | D:3      | 2247 ||| FLEEEEING.
  2248 | D:3      | 2248 ||| FLEEEEING.
  2249 | D:3      | 2249 ||| STAIRDANCE
  2437 | D:3      | 2437 ||| DROPPING +1 vorpal mace.
  2537 | D:3      | 2537 ||| Stepping ~*~*~tactically~*~*~ (hiding).
  2539 | D:3      | 2539 ||| Stepping ~*~*~tactically~*~*~ (hiding).
  2927 | D:3      | 2927 ||| UPGRADING to ring of protection from fire.
  2928 | D:3      | 2928 ||| READING 3 scrolls labelled MUT YBICUS.
  2933 | D:3      | 2933 ||| READING 2 scrolls labelled MYARCH QOSASIE.
  2934 | D:3      | 2934 ||| DRINKING 3 lumpy green potions.
  2935 | D:3      | 2935 ||| READING 2 scrolls of identify.
  2935 | D:3      | 2935 ||| IDENTIFYING fuming puce potion
  2936 | D:3      | 2936 ||| DROPPING scroll of vulnerability.
  3004 | D:4      | Reached skill level 5 in Axes
  3108 | D:4      | 3108 ||| FLEEEEING.
  3349 | D:4      | 3349 ||| Stepping ~*~*~tactically~*~*~ (hiding).
  3353 | D:4      | Reached XP level 6. HP: 26/38 MP: 6/6
  3363 | D:4      | 3363 ||| FLEEEEING.
  3365 | D:4      | HP: 9/38 [something (2)]
  3366 | D:4      | 3366 ||| READING 3 scrolls of teleportation.
  3367 | D:4      | 3367 ||| DRINKING 2 potions of heal wounds.
  3412 | D:4      | Reached skill level 1 in Dodging
  3713 | D:4      | 3713 ||| Stepping ~*~*~tactically~*~*~ (hiding).
  3967 | D:4      | Reached skill level 6 in Axes
  3974 | D:4      | 3974 ||| READING 2 scrolls labelled TIFECOLUYQO.
  3975 | D:4      | 3975 ||| READING 3 scrolls of identify.
  3975 | D:4      | 3975 ||| IDENTIFYING viscous coppery potion
  3976 | D:4      | 3976 ||| READING 2 scrolls of identify.
  3976 | D:4      | 3976 ||| IDENTIFYING brown potion
  3977 | D:4      | 3977 ||| DROPPING potion of magic.
  3978 | D:4      | 3978 ||| DROPPING scroll of blinking.
  3997 | D:5      | Entered Level 5 of the Dungeon
  4020 | D:5      | Reached XP level 7. HP: 21/43 MP: 7/7
  4078 | D:5      | 4078 ||| FLEEEEING.
  4080 | D:5      | 4080 ||| FLEEEEING.
  4081 | D:5      | 4081 ||| STAIRDANCE
  4212 | D:4      | 4212 ||| DRINKING 2 smoky clear potions.
  4213 | D:4      | 4213 ||| DROPPING potion of degeneration.
  4217 | D:5      | 4217 ||| STAIRDANCE
  4521 | D:5      | Reached skill level 7 in Axes
  4725 | D:5      | Found a burning altar of Makhleb.
  5223 | D:5      | Reached XP level 8. HP: 39/49 MP: 8/8
  5312 | D:5      | 5312 ||| UPGRADING to +0 chain mail.
  5322 | D:5      | 5322 ||| DROPPING +0 scale mail.
  5323 | D:5      | 5323 ||| READING 3 scrolls of identify.
  5323 | D:5      | 5323 ||| IDENTIFYING blue potion
  5324 | D:5      | 5324 ||| READING 2 scrolls of identify.
  5324 | D:5      | 5324 ||| IDENTIFYING smoky purple potion
  5325 | D:5      | 5325 ||| DROPPING potion of ambrosia.
  5361 | D:6      | 5361 ||| Stepping ~*~*~tactically~*~*~ (hiding).
  5362 | D:6      | 5362 ||| Stepping ~*~*~tactically~*~*~ (stealth).
  5452 | D:6      | 5452 ||| Stepping ~*~*~tactically~*~*~ (hiding).
  5453 | D:6      | 5453 ||| Stepping ~*~*~tactically~*~*~ (hiding).
  5458 | D:6      | HP: 10/49 [orc warrior/+0 long sword (5)]
  5459 | D:6      | 5459 ||| READING 3 scrolls of teleportation.
  5459 | D:6      | Slain by an orc warrior

Levels and vault maps discovered:
D:1:      lemuel_arrival_lava_pool, layout_basic,
          chequers_ecumenical_altar_simple_redux, minmay_octomino_e4
D:2:      layout_basic
D:3:      layout_basic
D:4:      layout_cave_pools
D:5:      layout_basic, mainiacjoe_overflow_concentric_impassable,
          grunt_ministairs_11, minivault_1
D:6:      layout_cave_pods

Skill      XL: |  1  2  3  4  5  6  7 |
---------------+----------------------+-----
Axes           | 2 3 4 5 6 7 |  7.7
Fighting       | 4 5 |  5.3
Dodging        | 1 |  1.0
Armour         | |  3.2
Shields        | |  3.2

Action                   |  1- 3 |  4- 6 |  7- 9 || total
-------------------------+-------+-------+-------++-------
Melee: War axe           |    84 |   197 |    87 ||   368
Throw: Boomerang         |     3 |       |     8 ||    11
  Use: Scroll            |     2 |     8 |     3 ||    13
       Potion            |       |     3 |     1 ||     4
Armor: Scale mail        |    37 |   109 |    28 ||   174
       Chain mail        |       |       |    10 ||    10
Dodge: Dodged            |    37 |    94 |    36 ||   167
Block: Buckler           |     9 |    41 |    13 ||    63

Table legend:
 A = Non-vault XP
 B = Vault XP
 C = Vault XP percentage of total XP
 D = Non-vault monster count
 E = Vault monster count
 F = Vault count percentage of total count
                 A         B        C        D         E       F
            +---------+---------+-------+---------+---------+-------
      Total |    1296 |     122 |   8.6 |     103 |       5 |   4.6
            +---------+---------+-------+---------+---------+-------
        D:1 |      31 |       5 |  13.9 |      16 |       3 |  15.8
        D:2 |      58 |       0 |   0.0 |      19 |       0 |   0.0
        D:3 |     110 |       0 |   0.0 |      25 |       0 |   0.0
        D:4 |     443 |       0 |   0.0 |      26 |       0 |   0.0
        D:5 |     511 |     117 |  18.6 |      12 |       2 |  14.3
        D:6 |     143 |       0 |   0.0 |       5 |       0 |   0.0
            +---------+---------+-------+---------+---------+-------
